 Dungeon Crawl Stone Soup version 0.29-a0-973-gac7da5f7f0 (webtiles) character file.

Game seed: 6004068285364048185

11137 jlumianski the Protected (level 11, -10/83 HPs)
             Began as a Demonspawn Fighter on July 31, 2022.
             Was a Priest of Qazlal.
             Killed by divine providence
             ... invoked by a smoke demon
              (14 damage)
             ... on level 2 of the Abyss.
             The game lasted 00:46:40 (9352 turns).

jlumianski the Protected (Demonspawn Fighter)       Turns: 9352, Time: 00:46:43

Health: -10/83     AC: 18    Str: 29      XL:     11   Next: 45%
Magic:  5/5        EV:  9    Int:  8 (10) God:    Qazlal [***...]
Gold:   321        SH:  8    Dex:  8 (12) Spells: 10/10 levels left

rFire   + . .      SeeInvis +   Q - +11 spear of Ash {antimagic, rPois Str+8}
rCold   . . .      Faith    .   c - +0 buckler
rNeg    . . .      Spirit   .   F - +0 chain mail
rPois   +          Reflect  .   L - +2 hat
rElec   .          Harm     .   Y - +2 cloak {rPois}
rCorr   .          Rampage  .   (gloves unavailable)
Will    .....                   G - +2 pair of boots
Stlth   ..........              h - amulet of regeneration
HPRegen 1.03/turn               l - ring of protection from fire
MPRegen 0.09/turn               K - ring of see invisible

@: about to teleport, unable to drink
A: molten scales 2, demonic guardian 1, spiny 1, demonic touch 3, inability to
drink while threatened 1, [deformed body], [deterioration 2], [screaming 2]
a: Renounce Religion, Upheaval, Elemental Force


You were on level 2 of the Abyss.
You worshipped Qazlal.
Qazlal was most pleased with you.
You visited 2 branches of the dungeon, and saw 13 of its levels.
You visited the Abyss 1 time.

You collected 741 gold pieces.
You spent 420 gold pieces at shops.

Inventory:

Hand Weapons
 Q - the +11 spear of Ash (weapon) {antimagic, rPois Str+8}
   (You found it on level 9 of the Dungeon)

   It reduces the magical energy of the wielder, and disrupts the spells and
   magical abilities of those it strikes.
   Natural abilities and divine invocations are not affected.
   Str:       It affects your strength (+8).
   rPois:     It protects you from poison.
Missiles
 p - 13 poisoned darts (quivered)
 R - 2 boomerangs
 S - 5 curare-tipped darts
Armour
 c - a +0 buckler (worn)
 g - a +0 pair of gloves
 F - a +0 chain mail (worn)
 G - a +2 pair of boots (worn)
 L - a +2 hat (worn)
 W - +0 acid dragon scales
 Y - a +2 cloak of poison resistance (worn)
Jewellery
 h - an amulet of regeneration (around neck)
 i - a +6 ring of intelligence
 l - a ring of protection from fire (left hand)
 x - a ring of protection from fire
 K - a ring of see invisible (right hand)
 Z - a ring of protection from fire
Wands
 B - a wand of mindburst (9)
 D - a wand of flame (38)
 U - a wand of quicksilver (12)
Scrolls
 a - a scroll of enchant weapon
 b - a scroll of immolation
 f - 2 scrolls of blinking
 j - 2 scrolls of teleportation
 y - 4 scrolls of magic mapping
 z - a scroll of fear
 C - a scroll of poison
Potions
 d - a potion of might
 k - a potion of lignification
 m - 2 potions of haste
 n - a potion of berserk rage {unknown}
 q - 3 potions of heal wounds
 s - 2 potions of curing
 u - 2 potions of attraction
 v - 2 potions of flight
 w - a potion of cancellation
 J - a potion of ambrosia
Miscellaneous
 e - a box of beasts
 r - a phantom mirror


   Skills:
 + Level 6.9 Fighting
 + Level 7.6(8.6) Axes
 + Level 5.8(7.6) Polearms
 - Level 0.5 Throwing
 + Level 8.0 Armour
 + Level 3.0 Dodging
 + Level 1.6 Stealth
 + Level 5.8 Shields
 * Level 7.9 Invocations
 * Level 5.7 Evocations


You had 10 spell levels left.
You didn't know any spells.
Your spell library contained the following spells:

 Spells                   Type           Power      Damage    Failure   Level
 Apportation              Tloc           0%         N/A       94%         1
 Static Discharge         Conj/Air       0%         3-3/arc   98%         2
 Ignite Poison            Fire/Tmut/Pois 0%         N/A       100%        3
 Mephitic Cloud           Conj/Pois/Air  0%         N/A       100%        3
 Tukima's Dance           Hex            0%         N/A       100%        3
 Airstrike                Air            0%         0-1+      100%        4
 Dispel Undead            Necr           0%         3d6       100%        4
 Passage of Golubria      Tloc           0%         N/A       100%        4
 Sticky Flame             Conj/Fire      0%         2d3       100%        4
 Summon Lightning Spire   Summ/Air       0%         N/A       100%        4
 Alistair's Intoxication  Tmut/Pois      0%         N/A       100%        5
 Freezing Cloud           Conj/Ice/Air   0%         6-21      100%        5
 Lightning Bolt           Conj/Air       0%         1d11      100%        5
 Yara's Violent Unravell  Hex/Tmut       0%         3d3       100%        5
 Conjure Ball Lightning   Conj/Air       0%         3x3d6     100%        6
 Discord                  Hex            0%         N/A       100%        8
 Disjunction              Tloc           0%         N/A       100%        8


Dungeon Overview and Level Annotations

Branches:
Dungeon (12/15)            Temple (1/1) D:6            Lair (0/5) D:9
    Orc (0/2) D:12

Altars:
Cheibriados
Fedhas
Hepliaklqana
Kikubaaqudgha
Makhleb
Qazlal
Ru
Sif Muna
Uskayaw
Wu Jian

Shops:
D:1 *


Innate Abilities, Weirdness & Mutations

You are mostly covered in molten scales. (AC +3)
A weak demonic guardian rushes to your aid.
You are partially covered in sharp spines.
Your touch may irresistibly damage your foes and sap their willpower.
You occasionally lose the ability to drink potions when taking damage.
[Armour fits poorly on your strangely shaped body.]
[Your body often deteriorates upon taking damage.]
[You frequently scream uncontrollably at your foes.]


Message History

You block the thrashing horror's attack.
The thrashing horror is struck by your spines.
The thrashing horror tramples you!
You hold your ground!
The thrashing horror tramples you but does no damage.
A tentacled starspawn comes into view.
You scream at the tentacled starspawn!
You hear a roar!
The thrashing horror closely misses you.
You block the thrashing horror's attack.
A tentacle flies out from the starspawn's body!
A starspawn tentacle comes into view.
As you read the scroll of teleportation, it crumbles to dust.
You feel strangely unstable.
You feel the power of the Abyss delaying your translocation!
The thrashing horror churns violently!
The thrashing horror seems to grow stronger.
A starspawn tentacle comes into view.
The thrashing horror attacks as you move away!
The thrashing horror is struck by your spines.
The thrashing horror tramples you!
* * * LOW HITPOINT WARNING * * *
Your body deteriorates!
You feel dopey.
The thrashing horror tramples you but does no damage.
The thrashing horror is struck by your spines.
The thrashing horror tramples you!
You feel threatened and lose the ability to drink potions!
* * * LOW HITPOINT WARNING * * *
Your body deteriorates!
You feel dopey.
A demonic guardian appears!
You stumble backwards!
A smoke demon comes into view.
You scream at the smoke demon!
Something shouts, "Scamper home, thou droning rump-fed toady!"
The thrashing horror misses your quasit.
The thrashing horror barely misses your quasit.
The thrashing horror tramples your quasit.
Your quasit stumbles backwards!
Your quasit bites the thrashing horror.
Your quasit claws the thrashing horror but does no damage. x2
The smoke demon gestures at you. Something smites you!
You die...

.. . . ## .#
.#....
#.##.#..# ..
3...#.. .#..#
.....# .#.# .
..#.##...#..
#..w.......
##@.#│..#.# #
#..5X│....#..#
##.#.#>#.....#
#w##.X...#
#..│..#│....#
##..\###>..##
#.... ..X..#
.... .......
.....
.........


You could see a tentacled monstrosity, a tentacled starspawn, a thrashing horror
(strong, ally target), a smoke demon, 2 starspawn tentacles and a friendly
quasit (summoned).

Vanquished Creatures
  2 two-headed ogres
  The ghost of gdog the Covert, a novice GnDe of Gozag (D:9)
  An ugly thing (D:11)
  3 cyclopes
  2 komodo dragons (D:10)
  3 trolls
  A hornet (D:7)
  9 slime creatures
  A shadow (D:11)
  2 vampires
  2 wraiths
  A wyvern (D:7)
  A vampire mosquito (D:11)
  An acid dragon (D:9)
  2 neqoxecs (D:9)
  A water moccasin (D:7)
  An orc warrior (D:12)
  2 ice beasts
  A black bear (D:6)
  An ogre (D:7)
  2 centaurs
  2 kobold brigands (D:8)
  A bullfrog (D:8)
  2 gnoll sergeants
  4 scorpions
  8 wights
  17 killer bees
  A howler monkey (D:5)
  2 quasits (D:9)
  2 jellies
  2 orc priests
  3 hounds
  11 orc wizards
  8 gnolls
  4 adders
  A shadow imp (D:5)
  A worm (D:4)
  6 dart slugs
  23 orcs
  5 bats
  4 endoplasms (D:4)
  A giant cockroach (D:1)
  5 goblins
  9 hobgoblins
  8 jackals
  9 kobolds
  3 quokkas
  6 ball pythons
  A frilled lizard (D:1)
  5 rats
194 creatures vanquished.

Vanquished Creatures (collateral kills)
  A slime creature (D:9)
  A centaur (D:9)
  A killer bee (D:7)
  A gnoll (D:8)
4 creatures vanquished.

Grand Total: 198 creatures vanquished

Notes
Turn   | Place    | Note
-------+----------+-------------------------------------------
     0 | D:1      | jlumianski the Demonspawn Fighter began the quest for the
                  | Orb.
     0 | D:1      | Reached XP level 1. HP: 18/18 MP: 1/1
   253 | D:1      | Gained mutation: You are partially covered in sharp spines.
                  | [demonic ancestry]
   253 | D:1      | Reached XP level 2. HP: 24/24 MP: 2/2
   289 | D:1      | Found Xuqoucka's General Store.
   715 | D:1      | Reached skill level 3 in Armour
  1091 | D:1      | Gained mutation: Your touch may inflict minor irresistible
                  | damage on your foes. [demonic ancestry]
  1091 | D:1      | Reached XP level 3. HP: 29/29 MP: 3/3
  1521 | D:2      | Found a faded altar of an unknown god.
  1751 | D:3      | Gained mutation: You are partially covered in molten
                  | scales. (AC +2) [demonic ancestry]
  1751 | D:3      | Reached XP level 4. HP: 35/35 MP: 4/4
  2349 | D:1      | Bought a scroll of identify for 28 gold pieces
  2349 | D:1      | Bought a scroll of brand weapon for 133 gold pieces
  2564 | D:4      | Noticed a scorpion
  2596 | D:4      | Noticed an ice beast
  2603 | D:4      | You fall into a shaft and drop 1 floor!
  2603 | D:5      | Entered Level 5 of the Dungeon
  2900 | D:3      | Found a snail-covered altar of Cheibriados.
  3010 | D:4      | Killed a scorpion
  3011 | D:4      | Reached XP level 5. HP: 42/42 MP: 5/5
  3121 | D:4      | Killed an ice beast
  3122 | D:4      | Reached skill level 1 in Dodging
  3122 | D:4      | Gained mutation: Your touch may inflict irresistible damage
                  | on your foes. [demonic ancestry]
  3122 | D:4      | Reached XP level 6. HP: 48/48 MP: 6/6
  3219 | D:5      | Reached skill level 4 in Armour
  3434 | D:5      | Noticed an ice beast
  3458 | D:5      | Reached skill level 1 in Stealth
  3464 | D:5      | Killed an ice beast
  3465 | D:5      | Gained mutation: A weak demonic guardian rushes to your
                  | aid. [demonic ancestry]
  3465 | D:5      | Reached XP level 7. HP: 45/54 MP: 7/7
  3531 | D:4      | Found a blossoming altar of Fedhas.
  3878 | D:6      | Found a staircase to the Ecumenical Temple.
  3887 | D:5      | Reached skill level 5 in Axes
  3935 | Temple   | Entered the Ecumenical Temple
  3946 | Temple   | Became a worshipper of Qazlal Stormbringer
  4481 | D:7      | Reached XP level 8. HP: 37/61 MP: 8/8
  4566 | D:7      | Reached skill level 5 in Fighting
  4752 | D:8      | Reached skill level 5 in Armour
  4764 | D:8      | Reached skill level 1 in Invocations
  4811 | D:8      | Reached skill level 1 in Evocations
  4859 | D:8      | Reached * piety under Qazlal
  5199 | D:7      | Reached XP level 9. HP: 63/68 MP: 11/11
  5667 | D:7      | Reached skill level 6 in Armour
  5781 | D:9      | Found a transporter.
  5784 | D:9      | Noticed gdog's ghost (novice GnDe)
  5786 | D:9      | Identified the +11 spear of Ash {antimagic, rPois Str+8}
  5857 | D:8      | Reached ** piety under Qazlal
  6183 | D:9      | Noticed a troll
  6190 | D:9      | Killed a troll
  6191 | D:9      | Reached skill level 5 in Invocations
  6287 | D:9      | Reached skill level 1 in Polearms
  6433 | D:9      | Gained mutation: You are mostly covered in molten scales.
                  | (AC +3) [demonic ancestry]
  6433 | D:9      | Reached XP level 10. HP: 76/76 MP: 4/14
  6480 | D:9      | Found a transporter.
  6649 | D:1      | Bought a +2 cloak of poison resistance for 259 gold pieces
  6866 | D:10     | Entered Level 10 of the Dungeon
  6956 | D:10     | Reached skill level 5 in Shields
  7147 | D:12     | Noticed a green ugly thing
  7147 | D:12     | Noticed a cyclops
  7177 | D:11     | Killed a green ugly thing
  7191 | D:12     | Killed a cyclops
  7301 | D:10     | Noticed a two-headed ogre
  7316 | D:10     | Killed a two-headed ogre
  7317 | D:10     | Reached skill level 7 in Armour
  7571 | D:9      | Found a staircase to the Lair.
  7970 | D:9      | Reached skill level 5 in Evocations
  8133 | D:9      | Gained mutation: You occasionally lose the ability to drink
                  | potions when taking damage. [a neqoxec]
  8174 | D:9      | Killed gdog's ghost
  8175 | D:9      | Gained mutation: Your touch may irresistibly damage your
                  | foes and sap their willpower. [demonic ancestry]
  8175 | D:9      | Reached XP level 11. HP: 66/83 MP: 5/16
  8607 | D:11     | Noticed a two-headed ogre
  8630 | D:11     | Killed a two-headed ogre
  8631 | D:11     | Reached skill level 5 in Polearms
  8661 | D:11     | Found a sacrificial altar of Ru.
  8664 | D:11     | Noticed a two-headed ogre
  8836 | D:11     | Reached *** piety under Qazlal
  9131 | D:12     | Found a staircase to the Orcish Mines.
  9134 | D:12     | Noticed a wizard
  9155 | D:11     | Reached skill level 8 in Armour
  9190 | Abyss:2  | Cast into level 2 of the Abyss (a wizard)
  9221 | Abyss:2  | Noticed a wretched star
  9232 | Abyss:2  | Noticed a vampire mage
  9232 | Abyss:2  | Noticed a jiangshi
  9232 | Abyss:2  | Noticed a jiangshi
  9233 | Abyss:2  | Noticed a jiangshi
  9260 | Abyss:2  | Noticed a tentacled monstrosity
  9320 | Abyss:2  | Noticed a thrashing horror
  9348 | Abyss:2  | Noticed a tentacled starspawn
  9351 | Abyss:2  | HP: 3/83 [thrashing horror (17)]
  9352 | Abyss:2  | Killed from afar by a smoke demon

Illustrated notes

Levels and vault maps discovered:
D:1:      shiori_arrival_maze, layout_basic, serial_shops,
          nicolae_shop_hallway_plus
D:2:      layout_loops_ring, chequers_ecumenical_altar_simple_redux,
          serial_aquarium, aquarium_bridge_long_separate
          [aquarium_subvault_wall, aquarium_subvault_wall,
          aquarium_subvault_bridge, aquarium_subvault_bridge,
          aquarium_subvault_window, aquarium_subvault_bridge],
          aquarium_bridge_straight [aquarium_subvault_bridge,
          aquarium_subvault_wall, aquarium_subvault_bridge,
          aquarium_subvault_balcony], aquarium_window_fake,
          aquarium_window_fake, aquarium_window_fake, aquarium_view_2e,
          aquarium_view_2d, aquarium_balcony_5a, minmay_misc_feat_tiny,
          minmay_pentomino_v2
D:3:      layout_rooms, mainiacjoe_overflow_two_lobes
D:4:      layout_basic, marbit_many_paths
D:5:      layout_cave_pods, roderic_serpentine_path
D:6:      layout_cave_pools, minmay_temple_entry_large_hall, serial_glass,
          glass_columns_c, glass_columns_a, kennysheep_generic_room_9
D:7:      minmay_flawed_box, layout_gridville, enter_bailey_2
D:8:      layout_cave_pools, due_unseen_surprise
D:9:      layout_irregular_city, lair_entry_dummy, gammafunk_ghost_stat_death,
          chequers_serial_rivers_large_a
D:10:     layout_basic, nrook_uturn, corexii_leaking_fountain
D:11:     layout_long_grid, nicolae_trove_entry_crystal, nicolae_ru_awakened_eye
D:12:     layout_big_octagon, david_orc_3, serial_shops,
          nicolae_shop_behind_doors
Temple:   compressed_dpeg_triangle_lava_temple
Abyss:2:  base: D:10, hangedman_abyss_feature_spike, evilmike_abyss_exit_chaos,
          minivault_27, minivault_22, evilmike_abyss_exit_3, minivault_1

Skill      XL: |  1  2  3  4  5  6  7  8  9 10 11 |
---------------+----------------------------------+-----
Axes           | 2 3 4 6 7 |  7.6
Armour         | 3 4 5 6 7 8 |  8.0
Shields        | 3 4 5 |  5.8
Dodging        | 1 2 3 |  3.0
Fighting       | 4 5 6 |  6.9
Stealth        | 1 |  1.6
Invocations    | 3 5 7 |  7.9
Evocations     | 1 3 5 |  5.7
Polearms       | 1 4 5 |  5.8
Throwing       | |  0.5

Action                   |  1- 3 |  4- 6 |  7- 9 | 10-12 || total
-------------------------+-------+-------+-------+-------++-------
Melee: War axe           |    71 |    80 |   150 |       ||   301
       Spear             |       |       |    64 |   250 ||   314
Throw: Stone             |     1 |       |       |       ||     1
       Dart              |       |     3 |     1 |     4 ||     8
  Use: Scroll            |     1 |     9 |     8 |     5 ||    23
       Potion            |     1 |       |     1 |       ||     2
 Stab: Petrifying        |       |       |     1 |       ||     1
       Distracted        |       |       |       |     1 ||     1
Armor: Scale mail        |    54 |    52 |    15 |       ||   121
       Chain mail        |       |       |   153 |   169 ||   322
Dodge: Dodged            |    29 |    34 |   112 |    95 ||   270
Block: Buckler           |    20 |    22 |    86 |   131 ||   259

Table legend: (Time is in decaauts)
 A = Elapsed time spent in this place.
 B = Non-inter-level travel time spent in this place.
 C = Inter-level travel time spent in this place.
 D = Time resting spent in this place.
 E = Time spent auto-exploring this place.
 F = Levels seen in this place.
 G = Mean time per level.
                   A        B        C        D        E       F      G
               +--------+--------+--------+--------+--------+-----+--------+
         Total |   9437 |   8874 |    563 |     68 |   4618 |  14 |  674.1 |
       Dungeon |   9258 |   8695 |    563 |     68 |   4618 |  12 |  771.5 |
        Temple |     20 |     20 |      0 |      0 |      0 |   1 |   20.0 |
         Abyss |    157 |    157 |      0 |      0 |      0 |   1 |  157.0 |
               +--------+--------+--------+--------+--------+-----+--------+

Top non-repeatable levels by time:
     D:1: 1307 daAuts
     D:7: 1234 daAuts
     D:9: 1122 daAuts
     D:2: 900 daAuts
    D:10: 895 daAuts
     D:4: 718 daAuts
     D:3: 709 daAuts
     D:6: 645 daAuts
     D:8: 580 daAuts
    D:11: 485 daAuts
     D:5: 448 daAuts
    D:12: 211 daAuts
 Abyss:2: 157 daAuts
  Temple: 20 daAuts
